 Dungeon Crawl Stone Soup version 0.30-a0-1114-gd936c97349 (webtiles) character file.

Game seed: 1842995684592475191

1262 dracfodder the Cudgeller (level 8, -1/49 HPs)
             Began as a Gargoyle Fighter on Apr 20, 2023.
             Slain by a yak (5 damage)
             ... on level 5 of the Dungeon.
             The game lasted 00:16:04 (3725 turns).

dracfodder the Cudgeller (Gargoyle Fighter)         Turns: 3725, Time: 00:16:05

Health: -1/49      AC: 22    Str: 23    XL:     8   Next: 52%
Magic:  8/8        EV:  7    Int:  8    God:
Gold:   219        SH:  5    Dex: 15    Spells: 7/7 levels left

rFire   . . .      SeeInvis .    a - +3 flail (venom)
rCold   . . .      Faith    .    c - +0 buckler
rNeg    + . .      Spirit   .    v - +0 plate armour
rPois   ∞          Reflect  .    (no helmet)
rElec   +          Rampage  .    (no cloak)
rCorr   .                        z - +0 pair of gloves
Will    .....                    y - +2 pair of boots Stlth
                                 (no amulet)
HPRegen 0.28/turn                g - +6 ring of dexterity
MPRegen 0.11/turn                (no ring)

@: no status effects
A: sickness immunity, AC +5, negative energy resistance 1, electricity
resistance, torment resistance 1, petrification resistance
a: no special abilities


You were on level 5 of the Dungeon.
You visited 1 branch of the dungeon, and saw 5 of its levels.
You also visited: Sewer.

You collected 219 gold pieces.

Inventory:

Hand Weapons
 a - a +3 flail of venom (weapon)
 b - a +0 sling
 o - the +1 hand axe "Fuid" {holy, rPois Int+3}
   (You found it on level 2 of the Dungeon)

   Int:       It affects your intelligence (+3).
   rPois:     It protects you from poison.
Missiles
 k - a throwing net
Armour
 c - a +0 buckler (worn)
 r - a +0 scale mail
 v - a +0 plate armour (worn)
 y - a +2 pair of boots (worn)
 z - a +0 pair of gloves (worn)
Jewellery
 f - an amulet of magic regeneration
 g - a +6 ring of dexterity (left hand)
Wands
 d - a wand of roots (4)
 p - a wand of charming (8)
Scrolls
 i - 3 scrolls of teleportation
 s - a scroll of blinking
Potions
 e - a potion of haste
 h - a potion of cancellation
 j - 2 potions of curing
 l - 2 potions of flight {unknown}
 m - a potion of mutation {unknown}
 n - 2 potions of heal wounds {unknown}
 q - a potion of lignification {unknown}
 t - a potion of attraction {unknown}
 u - a potion of berserk rage
 w - a potion of magic {unknown}


   Skills:
 + Level 5.1 Fighting
 + Level 7.5 Maces & Flails
 + Level 0.1 Ranged Weapons
 + Level 5.1 Armour
 + Level 1.5 Dodging
 + Level 0.2 Stealth
 + Level 5.2 Shields


You had 7 spell levels left.
You didn't know any spells.
Your spell library contained the following spells:

 Spells                   Type           Power      Damage    Failure   Level
 Kiss of Death            Conj/Necr      0%         2d5       100%        1
 Shock                    Conj/Air       0%         1d3       100%        1
 Confusing Touch          Hex            0%         N/A       100%        3
 Ignite Poison            Fire/Tmut/Pois 0%         N/A       100%        3
 Swiftness                Air            0%         N/A       100%        3
 Airstrike                Air            0%         2d(0-16)  100%        4
 Dispel Undead            Necr           0%         3d6       100%        4
 Freezing Cloud           Conj/Ice/Air   0%         6-21      100%        5
 Cigotuvi's Dreadful Rot  Necr/Pois/Air  Unusable   N/A       N/A         2

Dungeon Overview and Level Annotations

Branches:
Dungeon (5/15)              Sewer (visited)
 Temple: D:4-7

Altars:
Makhleb
Wu Jian
Xom


Innate Abilities, Weirdness & Mutations

You are immune to sickness and miasma.
Your stone body is resilient. (AC +5)
You are immune to poison.
You resist negative energy. (rN+)
You are resistant to electric shocks. (rElec)
You are resistant to unholy torment.
You are immune to petrification.


Message History

You closely miss Menkaure. You hit the yak.
Menkaure gestures at you while chanting.
You struggle to resist.
You hit Menkaure.
Menkaure convulses.
Menkaure is lightly damaged.
You hit the yak but do no damage. Menkaure barely misses you.
Menkaure hits you but does no damage. The yak gores you but does no damage.
You completely miss Menkaure.
Menkaure is lightly damaged.
You hit the yak. Menkaure hits you but does no damage.
The yak barely misses you.
You hit Menkaure.
Menkaure convulses.
Menkaure is moderately damaged.
You slash the yak! Menkaure barely misses you. You block the yak's attack.
Menkaure barely misses you.
You slash Menkaure!
Menkaure convulses!
You destroy Menkaure!
You hit the yak but do no damage. You block the yak's attack.
The +1 hand axe "Fuid" {holy, rPois Int+3} stops glowing.
Your +3 flail of venom begins to drip with poison!
a - a +3 flail of venom (weapon)
You closely miss the yak.
The yak is severely wounded.
The yak gores you but does no damage. The yak closely misses you.
You hit the yak.
The yak is poisoned.
The yak is almost dead.
You kill the yak!
The yak closely misses you. The yak gores you.
* * * LOW HITPOINT WARNING * * *
The yak gores you but does no damage.
You sock the yak!
You kill the yak!
The yak gores you but does no damage.
You barely miss the yak.
The yak is almost dead.
The yak barely misses you.
You completely miss the yak.
The yak is almost dead.
The yak gores you.
You die...

###...............#.##.#
##..##. #...........###.#.#..#
##......
####.................###.......
#.........#....##.#.........
#.......#.###..#............
#..##...#..##...............
###..#.....#................
##...[....#Y....†........))
##.........@†.††........$...
#.##.#......##..............
#......#.#.####........##...
#......#....# #..##....##...
###.........####....#####.#.
##.####....###...### ###. ###
#..#.........# ..
##..#..#..#.[.#
#......#.###...#


You could see a yak.

Vanquished Creatures
  3 yaks (D:5)
  Menkaure (D:5)
  Pargi (Sewer)
  A kobold brigand (D:4)
  A scorpion (D:5)
  2 hounds
  3 jellies
  A gnoll bouda (D:4)
  2 orc priests (D:5)
  A sleepcap (D:4)
  An iguana (D:5)
  6 orc wizards
  10 gnolls (D:4)
  3 adders
  A white imp (D:5)
  A worm (D:4)
  A dart slug (D:2)
  15 orcs
  6 endoplasms
  10 giant cockroaches
  7 goblins
  9 hobgoblins
  4 jackals (D:5)
  14 kobolds
  3 quokkas
  4 ball pythons
  5 bats
  4 frilled lizards
  5 rats
125 creatures vanquished.

Vanquished Creatures (others)
  10 plants (D:4)
10 creatures vanquished.

Grand Total: 135 creatures vanquished

Notes
Turn   | Place    | Note
-------+----------+-------------------------------------------
     0 | D:1      | dracfodder the Gargoyle Fighter began the quest for the
                  | Orb.
     0 | D:1      | Reached XP level 1. HP: 14/14 MP: 1/1
   110 | D:1      | Reached XP level 2. HP: 5/19 MP: 2/2
   456 | D:1      | Reached XP level 3. HP: 20/24 MP: 3/3
   638 | D:2      | Found a faded altar of an unknown god.
  1034 | D:2      | Reached XP level 4. HP: 28/29 MP: 4/4
  1142 | D:2      | Identified the +1 hand axe "Fuid" {holy, rPois Int+3}
  1370 | D:3      | Reached skill level 3 in Maces & Flails
  1373 | D:3      | Found a shimmering altar of Xom.
  1390 | D:3      | Reached XP level 5. HP: 30/33 MP: 5/5
  1477 | D:3      | Found a glowing drain.
  1515 | Sewer    | Entered a sewer
  1601 | Sewer    | Noticed Pargi
  1614 | Sewer    | Killed Pargi
  1615 | Sewer    | Reached skill level 4 in Maces & Flails
  1615 | Sewer    | Reached XP level 6. HP: 26/38 MP: 6/6
  2420 | D:4      | Reached skill level 1 in Dodging
  2601 | D:4      | Found an ornate altar of the Wu Jian Council.
  2669 | D:4      | Reached skill level 5 in Maces & Flails
  2674 | D:4      | Reached XP level 7. HP: 44/44 MP: 7/7
  2679 | D:4      | Found a burning altar of Makhleb.
  3032 | D:4      | Identified the +1 robe "Kyazuts" {Drain rElec rC+ Str+3}
  3262 | D:4      | Reached skill level 6 in Maces & Flails
  3388 | D:5      | Entered Level 5 of the Dungeon
  3548 | D:5      | Reached XP level 8. HP: 36/48 MP: 8/8
  3669 | D:5      | Noticed a yak
  3676 | D:5      | Noticed Menkaure
  3687 | D:5      | Noticed a yak
  3688 | D:5      | Noticed a yak
  3689 | D:5      | Noticed a yak
  3704 | D:5      | Killed a yak
  3705 | D:5      | Reached skill level 5 in Fighting
  3705 | D:5      | Reached skill level 7 in Maces & Flails
  3705 | D:5      | Reached skill level 5 in Armour
  3705 | D:5      | Reached skill level 5 in Shields
  3713 | D:5      | HP: 2/49 [Menkaure (9)]
  3719 | D:5      | Killed Menkaure
  3722 | D:5      | Killed a yak
  3723 | D:5      | Killed a yak
  3725 | D:5      | Slain by a yak

Illustrated notes

Levels and vault maps discovered:
D:1:      psy_arrival_whirlpool, layout_rooms, minmay_misc_feat_five,
          roderic_cross_of_infinity, st_stairs_9,
          chequers_serial_rivers_small_b, minmay_pentomino_u2
D:2:      layout_rooms, chequers_ecumenical_altar_simple,
          kennysheep_generic_room_4
D:3:      layout_basic, dk_xom_monty_hall, gup_sewer_entry_pipe,
          serial_corexii_hall, corexii_hall_statues_l,
          chequers_hall_statues_wall_a
D:4:      layout_loops_corners, mainiacjoe_overflow_24_doors,
          nicolae_overflow_crystal_walls, lexackson_kobold_supper
D:5:      layout_cave_pools, grunt_ministairs_13, uniq_menkaure

Skill      XL: |  1  2  3  4  5  6  7  8 |
---------------+-------------------------+-----
Maces & Flails | 3 4 5 6 7 |  7.5
Fighting       | 4 5 |  5.1
Armour         | 4 5 |  5.1
Dodging        | 1 |  1.5
Shields        | 4 5 |  5.2
Ranged Weapons | |  0.1
Stealth        | |  0.2

Action                     |  1- 3 |  4- 6 |  7- 9 || total
---------------------------+-------+-------+-------++-------
  Melee: Flail             |   116 |   119 |   132 ||   367
         Hand axe          |       |       |     6 ||     6
   Fire: Sling             |       |     4 |       ||     4
  Throw: Stone             |     6 |       |       ||     6
    Use: Scroll            |     6 |     8 |     2 ||    16
         Potion            |       |     1 |     3 ||     4
 Armour: Scale mail        |    85 |    34 |       ||   119
         Plate armour      |       |    48 |   111 ||   159
  Dodge: Dodged            |    58 |    41 |    56 ||   155
  Block: Buckler           |    22 |    30 |    49 ||   101

Table legend: (Time is in decaauts)
 A = Elapsed time spent in this place.
 B = Non-inter-level travel time spent in this place.
 C = Inter-level travel time spent in this place.
 D = Time resting spent in this place.
 E = Time spent auto-exploring this place.
 F = Levels seen in this place.
 G = Mean time per level.
                   A        B        C        D        E       F      G
               +--------+--------+--------+--------+--------+-----+--------+
         Total |   3823 |   3752 |     71 |    266 |   2192 |   6 |  637.2 |
       Dungeon |   3628 |   3557 |     71 |    266 |   2192 |   5 |  725.6 |
         Sewer |    195 |    195 |      0 |      0 |      0 |   1 |  195.0 |
               +--------+--------+--------+--------+--------+-----+--------+

Top non-repeatable levels by time:
     D:4: 1053 daAuts
     D:3: 883 daAuts
     D:2: 690 daAuts
     D:1: 657 daAuts
     D:5: 344 daAuts
   Sewer: 195 daAuts
